 Dungeon Crawl Stone Soup version 0.17-a0-2231-gd80ca38 (webtiles) character file.

11771 Horrz the Spear-Bearer (level 11, -6/93 HPs)
             Began as a Merfolk Gladiator on Oct 29, 2015.
             Was a High Priest of Okawaru.
             Mangled by a manticore (17 damage)
             ... on level 14 of the Dungeon.
             The game lasted 01:25:43 (12569 turns).

Horrz the Spear-Bearer (Merfolk Gladiator)         Turns: 12569, Time: 01:25:43

Health: -6/93      AC: 12    Str: 16    XL:     11   Next: 82%
Magic:  9/11       EV: 25    Int:  7    God:    Okawaru [*****.]
Gold:   710        SH:  0    Dex: 21    Spells: 0 memorised, 10 levels left

rFire  + . .     SeeInvis .     Y - +5 demon trident of the Madman {pain, rPois rF+ rC+}
rCold  + . .     Clarity  .     L - +0 ring mail
rNeg   + + .     SustAt   .     (no shield)
rPois  +         Gourm    .     c - +0 helmet
rElec  .         Spirit   .     B - +1 cloak
rCorr  .         Warding  +     d - +0 pair of gloves
rMut   .         Stasis   .     (no boots)
MR     .....                    C - amulet of warding
Stlth  ++........               U - ring of Mype {Dex+3 Stlth-}
                                A - ring of positive energy

@: about to teleport, heroism, marked, manticore barbs, not resistant to hostile
enchantments, unstealthy
A: change form in water, swift swim
a: Heroism, Finesse, Renounce Religion


You were on level 14 of the Dungeon.
You worshipped Okawaru.
Okawaru was extremely pleased with you.
You were not hungry.

You visited 2 branches of the dungeon, and saw 15 of its levels.
You also visited: Sewer.

You collected 710 gold pieces.

Inventory:

Hand Weapons
 y - the +6 triple sword of Winter {drain, rC+ Int+5}
   (Okawaru gifted it to you on level 14 of the Dungeon)

   A truly terrible weapon, it drains the life of those it strikes.
   It affects your intelligence (+5).
   It protects you from cold.
 P - a +3 trident of venom
 Y - the +5 demon trident of the Madman (weapon) {pain, rPois rF+ rC+}
   (Okawaru gifted it to you on level 10 of the Dungeon)

   In the hands of one skilled in necromantic magic, it inflicts extra damage on
   living creatures.
   It protects you from fire.
   It protects you from cold.
   It protects you from poison.
Armour
 c - a +0 helmet (worn)
 d - a +0 pair of gloves (worn)
 B - a +1 cloak (worn)
 L - a +0 ring mail (worn)
Jewellery
 A - a ring of positive energy (left hand)
 C - an amulet of warding (around neck)
 F - an uncursed ring of ice
 M - an uncursed ring of flight
 Q - an uncursed amulet of resist mutation
 U - the ring of Mype (right hand) {Dex+3 Stlth-}
   (You found it on level 8 of the Dungeon)

   [ring of loudness]

   It affects your dexterity (+3).
   It makes you less stealthy.
 X - an uncursed ring of protection from cold
Wands
 a - a wand of random effects (8)
 b - a wand of digging (13)
 i - a wand of teleportation (4)
 J - a wand of slowing (18)
 K - a wand of disintegration (19)
 O - a wand of cold (8)
 W - a wand of slowing (22)
Scrolls
 f - a scroll of fog
 g - 13 scrolls of identify
 k - 3 scrolls of amnesia
 m - 8 scrolls of remove curse
 q - 3 scrolls of enchant armour
 r - 3 scrolls of recharging
 s - 4 scrolls of teleportation
 t - a scroll of enchant weapon
 x - 2 scrolls of immolation {unknown}
 E - 3 scrolls of noise {unknown}
 I - a scroll of random uselessness {unknown}
 V - a scroll of fear {unknown}
Potions
 h - 3 potions of curing
 j - 4 potions of agility
 l - 3 potions of haste
 n - 2 potions of lignification {unknown}
 p - 3 potions of heal wounds
 z - a potion of resistance
 D - a potion of might {unknown}
 G - a potion of magic {unknown}
 H - 3 potions of flight {unknown}
 S - a potion of brilliance {unknown}
Books
 N - a book of Power

   Spells                             Type                      Level
   a - Fulminant Prism                Conjuration/Hexes            4
   b - Iskenderun's Mystic Blast      Conjuration                  4
   c - Venom Bolt                     Conjuration/Poison           5
   d - Bolt of Magma                  Conjuration/Fire/Earth       5
   e - Iron Shot                      Conjuration/Earth            6
   f - Orb of Destruction             Conjuration                  7
   g - Spellforged Servitor           Conjuration/Summoning        7
 R - a book of Callings

   Spells                             Type                      Level
   a - Summon Small Mammal            Summoning                    1
   b - Call Imp                       Summoning                    2
   c - Call Canine Familiar           Summoning                    3
   d - Summon Guardian Golem          Hexes/Summoning              3
   e - Summon Lightning Spire         Summoning/Air                4
   f - Summon Ice Beast               Ice/Summoning                4
 T - a book of Clouds

   Spells                             Type                      Level
   a - Mephitic Cloud                 Conjuration/Poison/Air       3
   b - Conjure Flame                  Conjuration/Fire             3
   c - Poisonous Cloud                Conjuration/Poison/Air       6
   d - Freezing Cloud                 Conjuration/Ice/Air          6
   e - Ring of Flames                 Charms/Fire                  7
 Z - a Grand Grimoire

   Spells                             Type                      Level
   a - Monstrous Menagerie            Summoning                    6
   b - Summon Greater Demon           Summoning                    7
   c - Malign Gateway                 Summoning/Translocation      7
   d - Summon Horrible Things         Summoning                    8
Comestibles
 e - 6 bread rations
 o - 6 meat rations
 u - 11 fruits
 v - 3 slices of pizza
 w - 11 beef jerkies


   Skills:
 + Level 11.4(16.4) Fighting
 + Level 14.4(19.4) Polearms
 - Level 2.0(7.0) Throwing
 + Level 5.5(10.5) Armour
 + Level 11.8(16.8) Dodging


You had 10 spell levels left.
You didn't know any spells.

Dungeon Overview and Level Annotations

Branches:
Dungeon (14/15)            Temple (1/1) D:4             Orc (0/4) D:12
   Lair: D:8-11      Vaults: D:13-14

Altars:
Ashenzari
Cheibriados
Dithmenos
Elyvilon
Fedhas
Gozag
Kikubaaqudgha
Makhleb
Nemelex Xobeh
Okawaru
Qazlal
Ru
Sif Muna
Trog
Vehumet
Xom
Yredelemnul
Zin
The Shining One

Shops:
D:4 (

Annotations:
D:10 finrod's ghost, journeyman GrBe


Message History

The manticore bites you! The manticore barely misses you.
The manticore misses you. The orc wizard completely misses you.
You closely miss the manticore.
The manticore is moderately wounded.
The komodo dragon bites you!
* * * LOW HITPOINT WARNING * * *
The manticore misses you. The manticore claws you.
* * * LOW HITPOINT WARNING * * *
The manticore claws you.
* * * LOW HITPOINT WARNING * * *
The orc closely misses you.
Evoke which item? (* to show all) (? for menu, Esc to quit)
Zapping:
i - a wand of teleportation (will waste charges)
Press: ? - help, Shift-Dir - straight line, f - you You feel strangely unstable.
Evoking this partially-identified wand wasted a few charges.
The komodo dragon bites you!
* * * LOW HITPOINT WARNING * * *
The manticore bites you!
You die...

...............
...............
...............
...............
..._...........
.........CC.... #.
........o...... #.# #...lHH#
#.# #####@.# #.# #o.#
#.##########..###### ##.
#................... ...
#..............?.... ..
#............[...... .>
#)#########.######## .#
#..(..#.(...# .#
#.###.#.#############.######


You could see a griffon, 2 hill giants, a manticore, a komodo dragon, an orc
wizard and an orc.

Vanquished Creatures
  Erica (D:9)
  Nergalle (D:10)
  A wolf spider zombie (D:14)
  3 ugly things (D:14)
  A centaur zombie (D:10)
  A manticore (D:14)
  Joseph (D:9)
  A gargoyle (D:11)
  3 trolls
  A shadow (D:12)
  Sigmund (D:3)
  6 yaks (D:9)
  2 hippogriffs
  3 wyverns
  2 mottled dragons
  Edmund (D:5)
  5 sky beasts
  2 phantoms
  3 ice beasts
  A centaur (D:6)
  A black bear (D:8)
  3 ogres
  2 necrophages
  6 giant frogs
  2 big kobolds
  3 scorpions
  6 killer bees (D:10)
  5 wights (D:6)
  A giant frog zombie (D:5)
  3 jellies
  2 quasits
  3 crimson imps
  13 orc priests
  2 centaur skeletons
  Jessica (D:4)
  4 iguanas
  6 worker ants
  15 orc wizards
  2 worker ant zombies
  Robin (D:2)
  11 adders
  5 gnolls
  A shadow imp (D:7)
  An ooze (D:3)
  2 adder zombies
  2 adder skeletons
  2 worms
  5 giant geckos
  53 orcs
  2 ball pythons
  6 giant cockroaches
  24 goblins
  18 hobgoblins
  12 jackals
  6 quokkas
  3 bats
  A giant gecko skeleton (D:5)
  4 giant newts
  A jackal skeleton (D:4)
  25 kobolds
  A quokka skeleton (D:9)
  15 rats
  A fungus (D:2)
322 creatures vanquished.

Vanquished Creatures (others)
  A scorpion (D:7)
  An orc (D:12)
  7 fungi (D:14)
9 creatures vanquished.

Grand Total: 331 creatures vanquished

Notes
Turn   | Place    | Note
--------------------------------------------------------------
     0 | D:1      | Horrz the Merfolk Gladiator began the quest for the Orb.
     0 | D:1      | Reached XP level 1. HP: 16/16 MP: 1/1
   151 | D:1      | Reached XP level 2. HP: 20/23 MP: 2/2
   304 | D:1      | Reached skill level 5 in Polearms
   521 | D:2      | Reached XP level 3. HP: 24/29 MP: 3/3
   927 | D:2      | Found a sacrificial altar of Ru.
  1228 | D:2      | Reached XP level 4. HP: 35/37 MP: 4/4
  1299 | D:2      | Noticed Robin
  1331 | D:2      | Killed Robin
  1516 | D:3      | Found a faded altar to an unknown god.
  1575 | D:3      | Reached skill level 6 in Polearms
  1705 | D:3      | Reached XP level 5. HP: 37/43 MP: 5/5
  2133 | D:3      | Noticed Sigmund
  2215 | D:4      | Reached skill level 7 in Polearms
  2226 | D:4      | Reached skill level 5 in Fighting
  2553 | D:3      | Killed Sigmund
  2553 | D:3      | Reached XP level 6. HP: 15/52 MP: 6/6
  2782 | D:4      | Reached skill level 8 in Polearms
  2872 | D:4      | Found Oqiryt's Antique Weapon Shop.
  2929 | D:4      | Reached XP level 7. HP: 51/57 MP: 7/7
  3114 | D:4      | Found a staircase to the Ecumenical Temple.
  3121 | Temple   | Entered the Ecumenical Temple
  3190 | Temple   | Became a worshipper of Warmaster Okawaru
  3471 | D:3      | Noticed Jessica
  3484 | D:4      | Killed Jessica
  3637 | D:3      | Found a stormy altar of Qazlal.
  3639 | D:3      | Noticed an earth elemental
  3643 | D:3      | Noticed a fire elemental
  3646 | D:3      | Noticed an air elemental
  3646 | D:3      | Noticed a water elemental
  3874 | D:5      | Entered Level 5 of the Dungeon
  3980 | D:5      | Reached skill level 9 in Polearms
  3980 | D:5      | Reached skill level 5 in Dodging
  4293 | D:5      | Reached XP level 8. HP: 61/65 MP: 8/8
  4496 | D:5      | Noticed Edmund
  4511 | D:5      | Killed Edmund
  4511 | D:5      | Reached * piety under Okawaru
  4550 | D:5      | Found a burning altar of Makhleb.
  4755 | D:5      | Reached skill level 10 in Polearms
  4762 | D:5      | Reached skill level 1 in Armour
  5162 | D:6      | Found a basalt altar of Yredelemnul.
  5264 | D:6      | Found a glowing drain.
  5314 | Sewer    | Entered a sewer
  5454 | Sewer    | Reached ** piety under Okawaru
  5454 | Sewer    | Reached XP level 9. HP: 68/74 MP: 9/9
  5472 | Sewer    | Found a white marble altar of Elyvilon.
  5990 | D:6      | Reached skill level 11 in Polearms
  6193 | D:6      | Found a white marble altar of Elyvilon.
  6774 | D:7      | Found a sparkling altar of Nemelex Xobeh.
  6798 | D:7      | Found a blossoming altar of Fedhas.
  6812 | D:7      | Found a shimmering altar of Xom.
  6815 | D:7      | Found a glowing golden altar of the Shining One.
  7281 | D:7      | Found a shattered altar of Ashenzari.
  7695 | D:8      | Reached *** piety under Okawaru
  7803 | D:8      | Found an ancient bone altar of Kikubaaqudgha.
  7899 | D:8      | Got a warped silver ring
  7900 | D:8      | Identified the ring of Mype {Dex+3 Stlth-} (You found it on level 8 of the Dungeon)
  7925 | D:8      | Noticed a moth of wrath
  7928 | D:8      | Found a bloodstained altar of Trog.
  8272 | D:8      | Reached XP level 10. HP: 74/83 MP: 10/10
  8532 | D:9      | Reached skill level 12 in Polearms
  8557 | D:9      | Reached **** piety under Okawaru
  8936 | D:9      | Noticed Erica
  8962 | D:9      | Killed Erica
  8962 | D:9      | Reached skill level 10 in Fighting
  9142 | D:9      | Found a shadowy altar of Dithmenos.
  9143 | D:9      | Noticed Joseph
  9158 | D:9      | Killed Joseph
  9158 | D:9      | Received a gift from Okawaru
  9210 | D:9      | Found a burning altar of Makhleb.
  9216 | D:9      | Reached skill level 10 in Dodging
  9546 | D:10     | Entered Level 10 of the Dungeon
  9592 | D:10     | Reached skill level 13 in Polearms
  9609 | D:10     | Noticed a molten gargoyle
  9681 | D:10     | Reached ***** piety under Okawaru
  9772 | D:10     | Reached XP level 11. HP: 80/92 MP: 11/11
  9786 | D:10     | Noticed Nergalle
  9839 | D:10     | Killed Nergalle
  9839 | D:10     | Received a gift from Okawaru
  9844 | D:10     | Got a scorched demon trident {god gift}
  9845 | D:10     | Identified the +5 demon trident of the Madman {pain, rPois rF+ rC+} (Okawaru gifted it to you on level 10 of the Dungeon)
  9875 | D:10     | Noticed finrod's ghost (journeyman GrBe)
 10361 | D:11     | Found a flickering gateway to a bazaar.
 10759 | D:11     | Reached skill level 5 in Armour
 11482 | D:12     | Reached skill level 14 in Polearms
 11522 | D:13     | Noticed a centaur warrior
 12117 | D:14     | Received a gift from Okawaru
 12490 | D:14     | Got a dazzling triple sword {god gift}
 12491 | D:14     | Identified the +6 triple sword of Winter {drain, rC+ Int+5} (Okawaru gifted it to you on level 14 of the Dungeon)
 12553 | D:14     | Found a white marble altar of Elyvilon.
 12564 | D:14     | Noticed a hill giant
 12565 | D:14     | Noticed a hill giant
 12569 | D:14     | Mangled by a manticore

Vault maps used:
D:1:      dpeg_arrival_three_smaller_balls
D:2:      kennysheep_goblin_castle, nicolae_ru_the_path_less_chosen
D:3:      nicolae_qazlal_style_of_elements, ecumenical_altar_1, uniq_sigmund,
          uniq_jessica
D:4:      minmay_temple_entry_purple_smoke, serial_shops, kennysheep_mini
D:5:      first_bread, bloody_makhleb, uniq_edmund
D:6:      kennysheep_ying_yang, portal_sewer_entry_d
D:7:      corexii_shantytown, cheibrodos_ashenzari_chains,
          grunt_temple_overflow_cloverleaf, grunt_ogre_cave
D:8:      tgw_trog, lemuel_tele_altar
D:9:      lemuel_round_altar, grunt_dithmenos_smoke, kennysheep_small_square,
          uniq_joseph, uniq_erica
D:10:     erik_lair_dragon, minivault_8, uniq_nergalle
D:11:     serial_shops, freezing_bzr, spider_trap
D:12:     erik_orc_3
D:13:     grunt_vaults_entry_tiered, basic_altar, nicolae_elemental_shop
D:14:     lemuel_slime, minmay_misc_feat_ornament, basic_altar, serial_shops,
          shop, minmay_strange_pillars, uniq_frances
Temple:   nicolae_temple_great_sept
Sewer:    sewer_kobolds

Action                   |  1- 3 |  4- 6 |  7- 9 | 10-12 || total
-------------------------+-------+-------+-------+-------++-------
Melee: Trident           |   143 |   239 |   107 |   238 ||   727
       Halberd           |       |       |   369 |       ||   369
       Demon trident     |       |       |       |   213 ||   213
Invok: Heroism           |       |       |       |     2 ||     2
Evoke: Wand              |       |       |       |     1 ||     1
  Use: Potion            |       |     3 |     1 |     4 ||     8
       Scroll            |       |       |     4 |    10 ||    14
 Stab: Sleeping          |     1 |     1 |     3 |       ||     5
  Eat: Chunk             |       |     7 |    17 |     8 ||    32
       Royal jelly       |       |       |       |     1 ||     1
       Bread ration      |       |       |       |     1 ||     1
       Fruit             |       |       |       |     1 ||     1
